 Dungeon Crawl Stone Soup version 0.29-a0-72-g1732ff48e7 (webtiles) character file.

Game seed: 265141196848745416

62 Hubjo the Sneak (level 3, -1/26 HPs)
             Began as a Vampire Enchanter on Feb 3, 2022.
             Slain by enile's ghost (7 damage)
             ... on level 3 of the Dungeon.
             The game lasted 00:09:22 (1384 turns).

Hubjo the Sneak (Vampire Enchanter)                 Turns: 1384, Time: 00:09:22

Health: -1/26      AC:  4    Str:  7    XL:     3   Next: 85%
Magic:  1/6        EV: 13    Int: 23    God:
Gold:   85         SH:  0    Dex: 16    Spells: 3/6 levels left

rFire   . . .      SeeInvis +   d - +3 war axe
rCold   . . .      Faith    .   (no shield)
rNeg    . . .      Spirit   .   b - +0 robe
rPois   .          Reflect  .   m - +0 helmet
rElec   .          Harm     .   (no cloak)
rCorr   .          Rampage  .   (no gloves)
Will    .....                   l - +0 pair of boots
Stlth   +++.......              (no amulet)
HPRegen 0.28/turn               n - +6 ring of intelligence
MPRegen 0.10/turn               (no ring)

@: healing quickly
A: alive, fangs 3, see invisible, vampiric 2
a: Exsanguinate


You were on level 3 of the Dungeon.
You visited 1 branch of the dungeon, and saw 3 of its levels.

You collected 85 gold pieces.

Inventory:

Hand Weapons
 a - a +1 dagger
 d - a +3 war axe (weapon)
 f - a +1 whip of pain
Armour
 b - a +0 robe (worn)
 l - a +0 pair of boots (worn)
 m - a +0 helmet (worn)
Jewellery
 n - a +6 ring of intelligence (left hand)
 r - a ring of flight
Wands
 p - a wand of paralysis (12)
Scrolls
 h - 2 scrolls of teleportation
 i - 2 scrolls of identify {unknown}
 j - a scroll of fog {unknown}
 q - a scroll of enchant armour {unknown}
Potions
 c - a potion of invisibility
 e - a potion of brilliance {unknown}
 g - 2 potions of heal wounds {unknown}
 k - a potion of lignification {unknown}
 o - a potion of degeneration {unknown}


   Skills:
 + Level 1.3 Fighting
 + Level 1.8 Short Blades
 + Level 0.1 Axes
 + Level 2.6 Dodging
 * Level 5.5 Stealth
 - Level 2.0 Spellcasting
 + Level 4.8 Hexes


You had 3 spell levels left.
You knew the following spells:

 Your Spells              Type           Power      Damage    Failure   Level
a - Tukima's Dance        Hex            24%        N/A       5%          3

Your spell library contained the following spells:

 Spells                   Type           Power      Damage    Failure   Level
 Confusing Touch          Hex            24%        N/A       5%          3
 Ensorcelled Hibernation  Hex/Ice        26%        N/A       7%          2
 Dazzling Flash           Conj/Hex       26%        N/A       14%         3


Dungeon Overview and Level Annotations

Branches:
Dungeon (3/15)

Altars:

Annotations:
D:3 enile's ghost, amateur MfGl


Innate Abilities, Weirdness & Mutations

Your natural rate of healing is accelerated.
You have razor-sharp teeth.
You have supernaturally acute eyesight. (SInv)
You are afflicted with vampirism and can become a bat while bloodless.


Message History

Enile's ghost hits you.
Casting: Tukima's Dance (quite dangerous; 5% risk of failure)
Confirm with . or Enter, or press ? or * to list all spells.
The spell is quite dangerous to miscast (5% risk of failure)!
Continue anyway?
Aiming: Tukima's Dance (quite dangerous; 5% risk of failure)
Press: ? - help, Shift-Dir - straight line, f/p - enile's ghost
Aim: enile's ghost (not susceptible) Enile's ghost resists with some effort.
Enile's ghost closely misses you.
Casting: Tukima's Dance (quite dangerous; 5% risk of failure)
Confirm with . or Enter, or press ? or * to list all spells.
You don't have enough magic to cast this spell.
There are monsters nearby!
Casting: Tukima's Dance (quite dangerous; 5% risk of failure)
Confirm with . or Enter, or press ? or * to list all spells.
You don't have enough magic to cast this spell.
Found a blackened tourmaline ring.
You see here a ring of flight.
r - a ring of flight Enile's ghost says, "Your head would complement my pike nicely."
Enile's ghost barely misses you.
You hit the adder.
The adder is heavily wounded.
You barely miss enile's ghost. The adder misses you.
Enile's ghost barely misses you. The adder closely misses you.
You hit the adder. You punch the adder. Your bite misses the adder.
The adder is almost dead.
You closely miss enile's ghost. The adder closely misses you.
Enile's ghost says, "The earth shall destroy you!"
Enile's ghost hits you! The adder completely misses you.
Enile's ghost hits you!
* * * LOW HITPOINT WARNING * * *
You barely miss the adder.
The adder is almost dead.
You hit enile's ghost. The adder barely misses you.
Enile's ghost closely misses you. The adder closely misses you.
You slash the adder!
You kill the adder!
You barely miss enile's ghost. Enile's ghost completely misses you.
Enile's ghost hits you!
You die...

###...#
##...♣....♣♣#
#...#.# ###.....♣♣
#.♣#♣.♣ ###♣♣P♣
#.....# # ♣♣♣
##♣#♣.♣ #. #.# #.#
♣.♣ ..# #.# #.##
#.# #.@# #.# #†W#
#.# #...#.# #.#
#####.# ####.####
#.# #....)..# #.#
#.#♣#♣#♣#♣ #.#≈#
#.##.....#####.#[#
#.#♣.♣.♣.♣..(..#≈#


You could see enile's ghost.

Vanquished Creatures
  4 adders
  A dart slug (D:2)
  An orc (D:3)
  5 bats
  3 endoplasms
  2 giant cockroaches (D:2)
  3 goblins
  2 hobgoblins
  6 ball pythons
  2 frilled lizards (D:2)
  A kobold (D:2)
  4 rats
34 creatures vanquished.

Notes
Turn   | Place    | Note
-------+----------+-------------------------------------------
     0 | D:1      | Hubjo the Vampire Enchanter began the quest for the Orb.
     0 | D:1      | Reached XP level 1. HP: 13/13 MP: 3/3
   383 | D:2      | Reached XP level 2. HP: 16/20 MP: 5/5
   530 | D:2      | Reached skill level 1 in Fighting
   530 | D:2      | Reached skill level 5 in Stealth
   690 | D:2      | HP: 1/21 [adder (4)]
   801 | D:2      | Gained mutation: You are afflicted with vampirism and can
                  | become a bat while bloodless. [Vampire growth]
   801 | D:2      | Reached XP level 3. HP: 26/26 MP: 6/6
   805 | D:2      | Learned a level 3 spell: Tukima's Dance
  1353 | D:3      | Found a runed translucent door.
  1359 | D:3      | Noticed enile's ghost (amateur MfGl)
  1384 | D:3      | Slain by enile's ghost

Illustrated notes

Levels and vault maps discovered:
D:1:      amcnicky_arrival_double_pillar, layout_basic, minmay_quantized
D:2:      layout_loops_corners, ebering_ecumenical_altar_webs,
          minmay_randomly_rotated_circles
D:3:      layout_loops_ring, ebering_ghost_sewer_d, serial_forest,
          infiniplex_forest_lined_room_2, infiniplex_forest_straight_2,
          infiniplex_forest_lined_corner, infiniplex_forest_clump_small,
          infiniplex_forest_lined_room_2, infiniplex_forest_end_2,
          infiniplex_forest_side_room, infiniplex_forest_lined_2,
          kennysheep_generic_room_6

Skill      XL: |  1  2 |
---------------+-------+-----
Fighting       | 1 |  1.3
Stealth        | 5 |  5.5
Short Blades   | |  1.8
Axes           | |  0.1
Dodging        | |  2.6
Spellcasting   | |  2.0
Hexes          | |  4.8

Action                   || total
-------------------------++-------
Melee: Dagger            ||    93
       Whip              ||     5
       Bite              ||    11
       War axe           ||    19
       Punch             ||     2
 Cast: Tukima's Dance    ||     2
  Use: Scroll            ||     3
       Potion            ||     1
 Stab: Sleeping          ||     7
       Fleeing           ||     1
Armor: Robe              ||    26
Dodge: Dodged            ||    99

Table legend: (Time is in decaauts)
 A = Elapsed time spent in this place.
 B = Non-inter-level travel time spent in this place.
 C = Inter-level travel time spent in this place.
 D = Time resting spent in this place.
 E = Time spent auto-exploring this place.
 F = Levels seen in this place.
 G = Mean time per level.
                   A        B        C        D        E       F      G
               +--------+--------+--------+--------+--------+-----+--------+
         Total |   1384 |   1083 |    301 |    215 |    453 |   3 |  461.3 |
       Dungeon |   1384 |   1083 |    301 |    215 |    453 |   3 |  461.3 |
               +--------+--------+--------+--------+--------+-----+--------+

Top non-repeatable levels by time:
     D:2: 984 daAuts
     D:3: 309 daAuts
     D:1: 90 daAuts
